 Dungeon Sprint DCSS version 0.26.1-11-gd32895ea62 (webtiles) character file.

Game seed: 6674020971408575430

592 Groucho the Unseen (level 7, -1/41 HPs)
             Began as a Gargoyle Berserker on July 28, 2021.
             Was a Believer of Trog.
             Slain by a centaur warrior (10 damage)
             ... in the Dungeon (Sprint I: "Red Sonja").
             The game lasted 00:02:24 (1195 turns).

Groucho the Unseen (Gargoyle Berserker)             Turns: 1195, Time: 00:02:24

Health: -1/41      AC:  6    Str: 20    XL:     7   Next: 39%
Magic:  7/7        EV: 12    Int:  8    God:    Trog [**....]
Gold:   405        SH:  0    Dex: 11    Spells: 6/6 levels left

rFire    . . .     SeeInvis .   b - +0 dagger
rCold    . . .     Faith    .   (no shield)
rNeg     + . .     Spirit   .   d - +0 robe
rPois    ∞         Reflect  .   (no helmet)
rElec    +         Harm     .   (no cloak)
rCorr    .         Rampage  .   (no gloves)
Will     ++...     NoTele   +   (no boots)
Stlth    ++++++....             (no amulet)
HPRegen  1.13/turn              (no ring)
MPRegen  0.10/turn              (no ring)

@: regenerating
A: negative energy resistance 1, electricity resistance, unbreathing,
petrification resistance, miasma immunity, AC +4
a: Renounce Religion, Berserk, Trog's Hand


You were in the Dungeon.
You worshipped Trog.
Trog was pleased with you.
You visited 1 branch You collected 405 gold pieces.

Inventory:

Hand Weapons
 a - a +0 short sword
 b - a +0 dagger (weapon)
Armour
 d - a +0 robe (worn)
Wands
 i - a wand of random effects (19)
Potions
 e - a potion of haste
 f - 2 potions of magic
 g - a potion of berserk rage
 j - a potion of degeneration {unknown}


   Skills:
 - Level 3.2 Fighting
 + Level 2.6 Short Blades
 - Level 2.1 Armour
 + Level 1.5 Dodging
 + Level 17.0 Stealth


You had 6 spell levels left.
You didn't know any spells.
Your spell library was empty.

Dungeon Overview and Level Annotations

Branches:
Dungeon (1/1)

Altars:
Cheibriados
Dithmenos
Elyvilon
Fedhas
Gozag
Hepliaklqana
Kikubaaqudgha
Makhleb
Nemelex Xobeh
Okawaru
Qazlal
Ru
Sif Muna
Trog
Uskayaw
Vehumet
Wu Jian
Xom
Yredelemnul
Zin
The Shining One
Jiyva
Lugonu

Shops:
D :


Innate Abilities, Weirdness & Mutations

You are resistant to torment.
Your stone body is resilient. (AC +4)
You are immune to poison.
You resist negative energy. (rN+)
You are resistant to electric shocks. (rElec)
You can survive without breathing.
You are immune to petrification.
You are immune to miasma.


Message History

Okay, then.
You open the door.
Blink to where?
Press: ? - help, Dir - move target
As you read the scroll of blinking, it crumbles to dust. 2 centaur warriors come into view.
The centaur warrior shouts! x2
The centaur warrior hits you! The centaur warrior hits you. x2
Found a robe and a helmet.
Unknown command.
Your skin crawls.
You feel strong-willed. The centaur warrior hits you!
The centaur warrior hits you. The centaur warrior hits you!
* * * LOW HITPOINT WARNING * * *
Okay, then.
You feel better. The centaur warrior hits you.
* * * LOW HITPOINT WARNING * * *
The centaur warrior hits you!
You die...

###################
#.)'..#.['..#__#..+
'..#..'..#..'..'..#
#####'#####'#__####
####..#...#(####§[#
#__####..##§#≈§§§c#
#_____##'#_.'≈§§@§+
#_.∩...'..._#≈§§§c#
#_..__##_.#'##+####
#_____###+#.#
####### ###


You could see 2 centaur warriors.

Vanquished Creatures
  A slime creature (D)
  A yak (D)
  Sigmund (D)
  An ogre (D)
  A jelly (D)
  Ijyb (D)
6 creatures vanquished.

Vanquished Creatures (others)
  A gargoyle (D)
1 creature vanquished.

Grand Total: 7 creatures vanquished

Notes
Turn   | Place    | Note
-------+----------+-------------------------------------------
     0 | D        | Groucho the Gargoyle Berserker began the quest for the Orb.
     0 | D        | Reached XP level 1. HP: 14/14 MP: 1/1
     2 | D        | Noticed Ijyb
    15 | D        | Killed Ijyb
    16 | D        | Reached skill level 6 in Stealth
    16 | D        | Reached XP level 2. HP: 19/19 MP: 2/2
    16 | D        | Reached XP level 3. HP: 23/23 MP: 3/3
   243 | D        | Noticed an ogre
   253 | D        | HP: 1/34 [ogre/+0 giant spiked club (12)]
   254 | D        | Killed an ogre
   255 | D        | Reached skill level 10 in Stealth
   255 | D        | Reached XP level 4. HP: 1/28 MP: 4/4
   797 | D        | Noticed Sigmund
   802 | D        | Killed Sigmund
   802 | D        | Reached ** piety under Trog
   803 | D        | Reached skill level 13 in Stealth
   803 | D        | Reached XP level 5. HP: 32/32 MP: 5/5
   803 | D        | Reached XP level 6. HP: 37/37 MP: 6/6
   850 | D        | Found a shimmering blue altar of Sif Muna.
   851 | D        | Found an ornate altar of the Wu Jian Council.
   852 | D        | Found a radiant altar of Vehumet.
   857 | D        | Reached skill level 14 in Stealth
   858 | D        | Found Pyceomeps's Book Emporium.
   858 | D        | Found an ancient bone altar of Kikubaaqudgha.
   858 | D        | Found a hazy altar of Hepliaklqana.
   858 | D        | Found a stormy altar of Qazlal.
   858 | D        | Found a hide-covered altar of Uskayaw.
   858 | D        | Found a blossoming altar of Fedhas.
   858 | D        | Found a bloodstained altar of Trog.
   858 | D        | Found an iron altar of Okawaru.
   858 | D        | Found a basalt altar of Yredelemnul.
   858 | D        | Found a glowing golden altar of the Shining One.
   858 | D        | Found a snail-covered altar of Cheibriados.
   858 | D        | Found a sacrificial altar of Ru.
   858 | D        | Found a glowing silver altar of Zin.
   858 | D        | Found a shadowy altar of Dithmenos.
   858 | D        | Found a white marble altar of Elyvilon.
   858 | D        | Noticed a yak
   859 | D        | Found an opulent altar of Gozag.
   862 | D        | Killed a yak
   863 | D        | Reached skill level 15 in Stealth
   863 | D        | Found a sparkling altar of Nemelex Xobeh.
   880 | D        | Killed a gargoyle
   905 | D        | Found a burning altar of Makhleb.
   905 | D        | Found a shimmering altar of Xom.
   905 | D        | Noticed a slime creature
   906 | D        | Found a viscous altar of Jiyva.
   906 | D        | Found a corrupted altar of Lugonu.
   914 | D        | Killed a slime creature
   914 | D        | Reached *** piety under Trog
   915 | D        | Reached skill level 17 in Stealth
   915 | D        | Reached XP level 7. HP: 33/41 MP: 7/7
  1193 | D        | Noticed a centaur warrior
  1193 | D        | Noticed a centaur warrior
  1195 | D        | Slain by a centaur warrior

Illustrated notes

Levels and vault maps discovered:
D:        dungeon_sprint_1 [red_sonja_temple_1, red_sonja_temple_small_1]

Skill      XL: |  1  2  3  4  5  6 |
---------------+-------------------+-----
Stealth        | 6 10 13 17 | 17.0
Fighting       | |  3.2
Short Blades   | |  2.6
Armour         | |  2.1
Dodging        | |  1.5

Action                   |  1- 3 |  4- 6 |  7- 9 || total
-------------------------+-------+-------+-------++-------
Melee: Short sword       |    15 |     9 |       ||    24
Invok: Berserk           |     2 |     2 |       ||     4
       Trog's Hand       |       |     1 |     1 ||     2
  Use: Potion            |     1 |     1 |     1 ||     3
       Scroll            |       |       |     1 ||     1
 Stab: Sleeping          |     1 |     4 |       ||     5
Armor: Animal skin       |     2 |       |       ||     2
       Robe              |       |     1 |       ||     1
Dodge: Dodged            |     3 |     3 |       ||     6
